 Dungeon Crawl Stone Soup version 0.22-a0-422-g9628fc8 (webtiles) character file.

67 Borgoz the Skirmisher (level 4, -5/28 HPs)
             Began as a Gargoyle Abyssal Knight on May 16, 2018.
             Was a Follower of Lugonu.
             Slain by a worm (6 damage)
             ... on level 2 of the Dungeon.
             The game lasted 00:01:22 (1489 turns).

Borgoz the Skirmisher (Gargoyle Abyssal Knight)     Turns: 1489, Time: 00:01:23

Health: -5/28      AC:  6    Str: 15    XL:     4   Next: 16%
Magic:  5/5        EV: 11    Int: 13    God:    Lugonu [*.....]
Gold:   93         SH:  0    Dex: 10    Spells: 3/3 levels left

rFire    . . .     SeeInvis .   a - +1 hand axe
rCold    . . .     Gourm    .   (no shield)
rNeg     + . .     Faith    .   b - +0 leather armour
rPois    ∞         Spirit   .   (no helmet)
rElec    +         Reflect  .   (no cloak)
rCorr    .         Harm     .   (no gloves)
MR       .....                  (no boots)
Stlth    +.........             (no amulet)
HPRegen  0.09/turn              (no ring)
MPRegen  0.09/turn              (no ring)

@: no status effects
A: negative energy resistance 1, electricity resistance, unbreathing,
petrification resistance, rot immunity, AC +3
a: Depart the Abyss, Renounce Religion


You were on level 2 of the Dungeon.
You worshipped Lugonu.
Lugonu was aware of your devotion.
You were not hungry.

You visited 1 branch of the dungeon, and saw 2 of its levels.
You visited the Abyss 1 time.

You collected 93 gold pieces.

Inventory:

Hand Weapons
 a - a +1 hand axe (weapon)
Armour
 b - a +0 leather armour (worn)
Scrolls
 g - a scroll of enchant weapon {unknown}
 h - 2 scrolls of identify {unknown}
 i - a scroll of amnesia {unknown}
Potions
 d - 2 potions of heal wounds {unknown}
 e - a potion of brilliance {unknown}
 f - a potion of degeneration {unknown}
 j - a potion of mutation {unknown}
 k - 2 potions of curing {unknown}
Comestibles
 c - 2 rations
 l - a chunk of flesh


   Skills:
 + Level 3.6 Fighting
 * Level 2.6 Axes
 + Level 2.6 Armour
 * Level 1.8 Dodging
 + Level 2.3 Invocations


You had 3 spell levels left.
You didn't know any spells.
Your spell library was empty.

Dungeon Overview and Level Annotations

Branches:
Dungeon (2/15)

Altars:


Innate Abilities, Weirdness & Mutations

You are resistant to torment.
Your stone body is resilient. (AC +3)
You are immune to poison.
You resist negative energy. (rN+)
You are resistant to electric shocks. (rElec)
You can survive without breathing.
You are immune to petrification.
You are immune to rotting.


Message History

The worm closely misses you.
You barely miss the worm.
The worm is severely wounded.
The worm bites you!
* * * LOW HITPOINT WARNING * * *
You completely miss the worm.
The worm is heavily wounded.
You hit the worm.
The worm is severely wounded.
The worm misses you.
You barely miss the worm.
The worm is severely wounded.
The worm bites you.
* * * LOW HITPOINT WARNING * * *
You hit the worm.
The worm is almost dead.
You hit the worm.
The worm is almost dead.
The worm bites you.
You die...

#....#.############...........
#.....#.########## #...........
#....##..........###)..........
#....#######............#####+#
#....# #............#
#..<.........# ###'#'########
#.#.# #@#.# #w#.# #.#.# #.#.#
#.#.# #.#.# ..#)# ###..


You could see a worm.

Vanquished Creatures
  3 adders (D:2)
  A white imp (Abyss:2)
  An ooze (D:1)
  2 leopard geckos
  A ball python (D:1)
  2 giant cockroaches (D:1)
  A goblin (D:1)
  4 hobgoblins
  5 kobolds (D:1)
  4 bats
  2 frilled lizards (D:1)
  A rat (D:1)
27 creatures vanquished.

Notes
Turn   | Place    | Note
-------+----------+-------------------------------------------
     0 | Abyss:1  | Borgoz the Gargoyle Abyssal Knight began the quest for the Orb.
     0 | Abyss:1  | Reached XP level 1. HP: 14/14 MP: 2/2
    56 | Abyss:2  | Noticed a raiju
    58 | Abyss:2  | Reached skill level 1 in Dodging
    58 | Abyss:2  | Reached XP level 2. HP: 11/19 MP: 3/3
    59 | D:1      | Escaped the Abyss
   667 | D:1      | Reached * piety under Lugonu
   690 | D:1      | Reached XP level 3. HP: 23/23 MP: 4/4
  1310 | D:2      | Reached XP level 4. HP: 27/28 MP: 5/5
  1487 | D:2      | HP: 1/28 [worm (3)]
  1489 | D:2      | Slain by a worm

Vault maps used:
D:1:      dpeg_arrival_shelter
D:2:      overflow_temple_1_default, evilmike_ruin_ashenzari,
          makhleb_altar_promises_db, overflow_temple_1_default
Abyss:2:  evilmike_abyss_exit_kraken

Skill      XL: |  1 |
---------------+----+-----
Axes           | 2 |  2.6
Dodging        | 1 |  1.8
Fighting       | |  3.6
Armour         | |  2.6
Invocations    | |  2.3

Action                   |  1- 3 |  4- 6 || total
-------------------------+-------+-------++-------
Melee: Hand axe          |    76 |    17 ||    93
Invok: Depart the Abyss  |     1 |       ||     1
  Eat: Chunk             |     1 |     1 ||     2
Armor: Leather armour    |    42 |       ||    42
Dodge: Dodged            |    49 |     4 ||    53

Table legend:
 A = Spawn XP
 B = Non-spawn XP
 C = Spawn XP percentage of total XP
 D = Spawn monster count
 E = Non-spawn monster count
 F = Spawn count percentage of total count
 G = Total turns spent on level
                    A         B        C        D         E        F      G
               +---------+---------+-------+---------+---------+-------+---------
         Total |      10 |      86 |  10.4 |       1 |      26 |   3.7 |  1489
               +---------+---------+-------+---------+---------+-------+---------
           D:1 |       0 |      38 |   0.0 |       0 |      19 |   0.0 |  1054
           D:2 |       0 |      48 |   0.0 |       0 |       7 |   0.0 |   376
       Abyss:2 |      10 |       0 | 100.0 |       1 |       0 | 100.0 |    41
               +---------+---------+-------+---------+---------+-------+---------
